 Dungeon Crawl Stone Soup version 0.32-a0-42-ga30500b (webtiles) character file.

Game seed: 13771282356065071307

10259 Dorkslayer the Grappler (level 11, -5/70 HPs)
             Began as an Octopode Shapeshifter on Jan 30, 2024.
             Was a Priest of Dithmenos.
             Killed from afar by Lodul (21 damage)
             ... with a bolt of lightning
             ... on level 10 of the Dungeon.
             The game lasted 00:33:19 (9059 turns).

Dorkslayer the Grappler (Octopode Shapeshifter)     Turns: 9059, Time: 00:33:20

Health: -5/70      AC:  5    Str: 24    XL:     11   Next: 59%
Magic:  20/20      EV: 16    Int: 13    God:    Dithmenos [***...]
Gold:   1363       SH: 10    Dex: 17    Spells: 10/10 levels left

rFire   + . .        A - +5 mace (freeze)
rCold   . . .        B - +0 buckler
rNeg    . . .        (helmet currently unavailable)
rPois   +            f - amulet of reflection
rElec   .            l - ring of see invisible
rCorr   .            o - ring of protection from fire
SInv    +            p - +4 ring of protection
Will    .....        h - +6 ring of dexterity
Stlth   +++++++      q - ring of magical power
HPRegen 0.31/turn    F - +6 ring of strength
MPRegen 0.17/turn    G - ring of poison resistance
                     (no ring)

%: reflection
@: beast-form, wreathed by umbra, studying Dodging
A: beast (slay +3), almost no armour, amphibious, 8 rings, camouflage 1,
gelatinous body 1, (nimble swimmer 1), tentacles
a: Begin Untransformation, Renounce Religion, Shadow Step


You were on level 10 of the Dungeon.
You worshipped Dithmenos.
Dithmenos was most pleased with you.
You were a hulking beast.
You visited 2 branches of the dungeon, and saw 11 of its levels.
You also visited: Sewer and Ossuary.

You collected 1411 gold pieces.
You spent 48 gold pieces at shops.

Inventory:

Hand Weapons
 k - a +0 war axe of draining
 m - a +0 morningstar of freezing
 t - a +3 mace
 x - a +0 scimitar of flaming
 z - a +4 trident
 A - a +5 mace of freezing (weapon)
Missiles
 e - 3 boomerangs
Armour
 B - a +0 buckler (worn)
Jewellery
 f - an amulet of reflection (around mantle)
 h - a +6 ring of dexterity (on tentacle)
 l - a ring of see invisible (left tentacle)
 o - a ring of protection from fire (right tentacle)
 p - a +4 ring of protection (on tentacle)
 q - a ring of magical power (on tentacle)
 F - a +6 ring of strength (on tentacle)
 G - a ring of poison resistance (on tentacle)
Talismans
 b - a beast talisman
 c - a flux talisman
Wands
 d - a wand of polymorph (7)
 n - a wand of charming (6)
 y - a wand of flame (42)
Scrolls
 g - 3 scrolls of fear
 j - 4 scrolls of teleportation
 v - a scroll of poison
 w - 3 scrolls of fog
 C - 2 scrolls of revelation
 D - 2 scrolls of vulnerability
Potions
 a - 3 potions of cancellation
 i - 7 potions of enlightenment
 r - 4 potions of berserk rage {unknown}
 s - 3 potions of mutation {unknown}
 u - 3 potions of curing


   Skills:
 * Level 4.6 Fighting
 + Level 2.4 Maces & Flails
 + Level 1.5 Throwing
 * Level 6.9 Dodging
 + Level 8.8 Stealth
 * Level 4.3 Shields
 * Level 12.5 Unarmed Combat
 * Level 5.8 Evocations
 * Level 5.5 Shapeshifting


You had 10 spell levels left.
You didn't know any spells.
Your spell library contained the following spells:

 Spells                   Type           Power      Damage    Failure   Level
 Foxfire                  Conj/Fire      0%         2x1d4     36%         1
 Blink                    Tloc           0%         N/A       50%         2
 Cigotuvi's Dreadful Rot  Necr/Alch/Air  0%         N/A       50%         2
 Lesser Beckoning         Tloc           0%         N/A       50%         2
 Mercury Vapours          Alch/Air       0%         N/A       50%         2
 Momentum Strike          Conj/Tloc      0%         3d8       50%         2
 Call Canine Familiar     Summ           0%         N/A       73%         3
 Mephitic Cloud           Conj/Alch/Air  0%         N/A       73%         3
 Sigil of Binding         Hex            0%         N/A       73%         3
 Dimensional Bullseye     Hex/Tloc       0%         N/A       98%         4
 Ignite Poison            Fire/Alch      0%         N/A       98%         4
 Freezing Cloud           Conj/Ice/Air   0%         6-21      100%        5
 Plasma Beam              Fire/Air       0%         2x1d10    100%        6
 Starburst                Conj/Fire      0%         6d3       100%        6


Dungeon Overview and Level Annotations

Branches:
Dungeon (10/15)            Temple (1/1) D:5            Lair (0/5) D:8
  Sewer (visited)         Ossuary (visited)
    Orc: D:9-12

Altars:
Ashenzari
Cheibriados
Dithmenos
Elyvilon
Fedhas
Gozag
Hepliaklqana
Kikubaaqudgha
Makhleb
Nemelex Xobeh
Okawaru
Qazlal
Ru
Sif Muna
Trog
Uskayaw
Vehumet
Wu Jian
Xom
Yredelemnul
Zin
The Shining One

Shops:
D:2 *

Annotations:
D:10 Lodul


Innate Abilities, Weirdness & Mutations

You are a hulking beast.
Your limbs bulge with bestial killing power. (Slay +3)
You cannot wear most types of armour.
You are amphibious.
You can wear up to eight rings at the same time.
Your skin changes colour to match your surroundings (Stealth+).
Your rubbery body absorbs attacks. (AC +1, EV +1)
((You are camouflaged when in or above water. (Stealth+)))
You have tentacles for arms and can constrict up to eight enemies at once.


Message History

You hear a shout!
An ogre comes into view. It is wielding a +0 giant club.
An ogre comes into view. It is wielding a +0 giant spiked club.
The acid dragon closely misses you. The acid dragon barely misses you.
The ogre shouts! x2
You hit the acid dragon. You freeze the acid dragon.
The acid dragon is moderately wounded.
You hear a shout! x2
The acid dragon misses you. The acid dragon closely misses you.
An ogre comes into view. It is wielding a +0 giant club.
Lodul the Thunderous comes into view.
He is wielding a +0 dire flail.
You hear a shout!
Lodul shouts!
You sock the acid dragon! You freeze the acid dragon.
You kill the acid dragon!
Dithmenos accepts your kill.
Lodul says, "Productive ogre is happy ogre."
The ogre attacks as it pursues you! The ogre misses you.
The wyvern attacks as it pursues you! The wyvern misses you.
The wyvern attacks as it pursues you! The wyvern bites you! x2
* * * LOW HITPOINT WARNING * * *
Okay, then.
As you read the scroll of fear, it crumbles to dust.
You assume a fearsome visage.
The ogre looks frightened! x4
The wyvern looks frightened!
Aiming: Charm
Press: ? - help, Shift-Dir - straight line, f - ogre
Aim: an ogre, wielding a +0 giant club (umbra, chance to affect: 63%)
The ogre resists with significant effort.
Hit: A) +5 mace (freeze)
Press: ? - help, Dir - move target, f - you, p - ogre
Okay, then.
Aiming: Charm
Press: ? - help, Shift-Dir - straight line, f/p - ogre
Aim: an ogre, wielding a +0 giant club (umbra, chance to affect: 63%)
The ogre is charmed.
The ogre seems to regain its courage.
An ogre comes into view. It is wielding a +0 giant club.
Electricity crackles from Lodul's apparatus.
The bolt of lightning hits you!!
You die...

############ ####### #.....O.....
#.....# #.#####.##k#
#.###.#####.#####)O... #.#
#.....O......)##O#
#.###..O...^.O........
######....h#####.#.........
#######.........## #.#..O#.##..
.........######............?(##O#
#######..# #..#####.##.##.##.# #
#>.# #.... $..#.##.##.# #
#####..####....### ..#. #..... #
#...........#### ###.#.##.######
##.....#.#


You could see Lodul and a friendly ogre (charmed).

Vanquished Creatures
  Erica (D:9)
  2 two-headed ogres
  The ghost of anarkitty the Sneak, a novice DsEn of Kikubaaqudgha (D:8)
  Maurice (D:9)
  A cyclops (D:10)
  Joseph (D:9)
  Maggie (D:9)
  The ghost of Dega the Sneak, a novice SpHu (D:5)
  Sigmund (D:2)
  A vampire (D:10)
  5 wyverns
  2 steam dragons
  2 acid dragons
  6 water moccasins
  2 black bears (D:8)
  5 orc warriors
  2 sky beasts
  An ice beast (D:7)
  2 ogres
  2 wolves (D:8)
  2 crocodiles (Sewer)
  3 centaurs
  A kobold brigand (D:9)
  A gnoll sergeant (D:10)
  4 bullfrogs
  7 scorpions
  5 wights (D:6)
  5 killer bees (D:8)
  4 howler monkeys
  3 quasits (D:5)
  7 orc priests
  2 hounds (D:4)
  3 jellies (D:4)
  Jessica (D:2)
  An iguana (D:7)
  A sleepcap (D:5)
  Natasha (D:4)
  2 orc wizards (D:4)
  5 scorpion zombies (Ossuary)
  A sickly merfolk siren (Sewer)
  A malarious merfolk avatar (Sewer)
  3 mummies (Ossuary)
  5 gnolls (D:10)
  15 adders
  A river rat (Sewer)
  A white imp (D:5)
  3 adder zombies (Ossuary)
  4 dart slugs
  34 orcs
  6 bats
  18 endoplasms
  8 giant cockroaches
  5 gnoll zombies (Ossuary)
  10 goblins
  7 hobgoblins
  2 jackals (D:2)
  18 kobolds
  7 quokkas
  20 ball pythons
  10 frilled lizards
  4 jackal zombies (Ossuary)
  19 rats
300 creatures vanquished.

Vanquished Creatures (collateral kills)
  A killer bee (D:8)
  An orc (D:8)
2 creatures vanquished.

Vanquished Creatures (others)
  A wyvern (D:8)
  A bullfrog (D:8)
2 creatures vanquished.

Grand Total: 304 creatures vanquished

Notes
Turn   | Place    | Note
-------+----------+-------------------------------------------
     0 | D:1      | Dorkslayer the Octopode Shapeshifter began the quest for
                  | the Orb.
     0 | D:1      | Reached XP level 1. HP: 13/13 MP: 1/1
   110 | D:1      | Reached XP level 2. HP: 12/18 MP: 2/2
   344 | D:1      | Reached XP level 3. HP: 19/23 MP: 3/3
   383 | D:1      | Reached skill level 4 in Unarmed Combat
   874 | D:2      | Noticed Sigmund
   902 | D:2      | Killed Sigmund
   903 | D:2      | Reached skill level 1 in Stealth
   903 | D:2      | Reached skill level 5 in Unarmed Combat
   903 | D:2      | Reached XP level 4. HP: 3/28 MP: 4/4
   903 | D:2      | Reached XP level 5. HP: 4/33 MP: 5/5
  1103 | D:2      | Found Dutzedal's Assorted Antiques.
  1111 | D:2      | Bought an orange potion for 24 gold pieces
  1111 | D:2      | Bought a bubbling dark potion for 24 gold pieces
  1182 | D:2      | Noticed Jessica
  1191 | D:2      | Killed Jessica
  1227 | D:2      | Reached skill level 6 in Unarmed Combat
  1227 | D:2      | Reached XP level 6. HP: 10/38 MP: 6/6
  2285 | D:3      | Found a faded altar of an unknown god.
  2346 | D:3      | Found a glowing drain.
  2388 | Sewer    | Entered a sewer
  2549 | Sewer    | Reached XP level 7. HP: 43/43 MP: 7/7
  2654 | Sewer    | HP: 2/43 [crocodile (10)]
  2657 | Sewer    | Reached skill level 7 in Unarmed Combat
  3956 | D:4      | Noticed Natasha
  3959 | D:4      | Killed Natasha
  3960 | D:4      | Reached XP level 8. HP: 50/50 MP: 8/8
  4252 | D:4      | Reached skill level 8 in Unarmed Combat
  4332 | D:4      | Found a stormy altar of Qazlal.
  4332 | D:4      | Found a basalt altar of Yredelemnul.
  4332 | D:4      | Found a white marble altar of Elyvilon.
  4332 | D:4      | Found an ancient bone altar of Kikubaaqudgha.
  4332 | D:4      | Found a sacrificial altar of Ru.
  4332 | D:4      | Found a sacrificial altar of Ru.
  4465 | D:4      | Reached skill level 5 in Stealth
  4595 | D:5      | Entered Level 5 of the Dungeon
  4809 | D:5      | Found a transporter.
  4811 | D:5      | Noticed Dega's ghost (novice SpHu)
  4823 | D:5      | Found a transporter.
  4827 | D:5      | Found a staircase to the Ecumenical Temple.
  4833 | Temple   | Entered the Ecumenical Temple
  4857 | Temple   | Became a worshipper of Dithmenos the Shadowed
  4952 | D:5      | Reached skill level 9 in Unarmed Combat
  5229 | D:5      | Killed Dega's ghost
  5230 | D:5      | Reached skill level 1 in Shields
  5230 | D:5      | Reached XP level 9. HP: 53/54 MP: 9/9
  5277 | D:6      | Found a sand-covered staircase.
  5287 | Ossuary  | Entered an ossuary
  5355 | Ossuary  | Reached * piety under Dithmenos
  5428 | Ossuary  | Reached skill level 10 in Unarmed Combat
  5434 | Ossuary  | Reached skill level 1 in Evocations
  5956 | D:7      | Identified 2 scrolls of acquirement
  5956 | D:7      | Acquired 747 gold pieces
  5958 | D:7      | Acquired a manual of Dodging
  6465 | D:7      | Reached ** piety under Dithmenos
  6466 | D:7      | Reached XP level 10. HP: 61/61 MP: 10/10
  6540 | D:7      | Reached skill level 11 in Unarmed Combat
  6608 | D:8      | Found a hazy altar of Hepliaklqana.
  6683 | D:8      | Found a staircase to the Lair.
  6731 | D:8      | Reached skill level 1 in Throwing
  6773 | D:8      | Reached skill level 5 in Dodging
  6908 | D:8      | Found a runed translucent gate.
  6908 | D:8      | Found a runed translucent gate.
  6908 | D:8      | Found a runed translucent gate.
  6911 | D:8      | Noticed anarkitty's ghost (novice DsEn)
  6913 | D:8      | Identified the +3 chain mail "Acleador" {Dex+5 Stlth-}
  6944 | D:8      | Noticed a two-headed ogre
  6952 | D:8      | Killed a two-headed ogre
  7302 | D:8      | Killed anarkitty's ghost
  7303 | D:8      | Reached skill level 12 in Unarmed Combat
  7315 | D:8      | Reached skill level 5 in Shapeshifting
  7490 | D:8      | Identified the -1 helmet "Unnuty" {Dex+2}
  7562 | D:9      | Noticed Erica
  7568 | D:9      | Killed Erica
  7569 | D:9      | Reached XP level 11. HP: 61/69 MP: 11/11
  7634 | D:9      | Found a glowing silver altar of Zin.
  7694 | D:9      | Reached *** piety under Dithmenos
  7791 | D:9      | Noticed Joseph
  7814 | D:9      | Killed Joseph
  7815 | D:9      | Reached skill level 1 in Maces & Flails
  7815 | D:9      | Reached skill level 5 in Evocations
  8376 | D:9      | Noticed Maurice
  8379 | D:9      | Maurice stole a flux talisman
  8381 | D:9      | Maurice stole a +4 trident
  8382 | D:9      | Maurice stole 407 gold
  8385 | D:9      | Killed Maurice
  8484 | D:9      | Noticed Maggie
  8487 | D:9      | Killed Maggie
  8507 | D:10     | Entered Level 10 of the Dungeon
  8760 | D:10     | Noticed a cyclops
  8766 | D:10     | Killed a cyclops
  9001 | D:10     | Noticed a two-headed ogre
  9028 | D:10     | Killed a two-headed ogre
  9037 | D:10     | Noticed Lodul
  9059 | D:10     | Killed from afar by Lodul

Illustrated notes

Levels and vault maps discovered:
D:1:      psy_arrival_fountain, layout_basic, st_stairs_9, moated_statue,
          minmay_crystal_water, kennysheep_boxes
D:2:      layout_loops_ring, serial_co_window_serial, co_window_cross_1,
          co_window_paths_a, co_window_paths_a, co_window_cross_1,
          co_window_of_opportunity_a, co_window_paths_b, co_window_paths_a,
          co_window_broadway_a, co_window_broadway_c, co_window_corner_b,
          co_window_cross_3, co_window_broadway_c, co_window_paths_c,
          glass_columns_b, glass_columns_b, glass_columns_a, glass_columns_b,
          glass_columns_b, serial_shops, shop, grunt_ministairs_7,
          grunt_decor_fettered, uniq_jessica, uniq_sigmund
D:3:      layout_basic, gup_sewer_entry_glass,
          shapermc_ecumenical_altar_acropolis, kennysheep_flooded_box
D:4:      cheibrodos_fertilizer, layout_loops_ring, serial_co_window_serial,
          co_window_paths_a, co_window_of_opportunity_a,
          co_window_of_opportunity_a, co_window_paths_a, co_window_corner_a,
          co_window_of_opportunity_b, co_window_corner_b, co_window_broadway_b,
          co_window_broadway_b, co_window_2corner, co_window_4corner_a,
          amcnicky_mini_corridor_feature, kennysheep_nondescript, st_stairs_2,
          uniq_natasha
D:5:      layout_rooms, minmay_temple_entry_drinking_statues,
          gammafunk_ghost_stat_death, grunt_ministairs_5
D:6:      layout_rooms, mainiacjoe_ossuary_entry_dusty_tomb
D:7:      layout_basic
D:8:      layout_cave_pools, mainiacjoe_overflow_alcove_2,
          minmay_lair_entry_grove, biasface_ghost_orc_armoury
D:9:      layout_basic, mainiacjoe_overflow_small_starburst, uniq_maurice,
          uniq_joseph, uniq_maggie, uniq_erica
D:10:     layout_loops_ring, uniq_lodul
Temple:   nicolae_temple_slightly_damp_pantheon

Skill      XL: |  1  2  3  4  5  6  7  8  9 10 11 |
---------------+----------------------------------+-----
Unarmed Combat | 5 6 7 9 10 12 | 12.5
Stealth        | 1 3 4 5 7 8 |  8.8
Fighting       | 2 4 |  4.6
Dodging        | 3 4 6 |  6.9
Shields        | 1 3 4 |  4.3
Shapeshifting  | 4 5 |  5.5
Evocations     | 3 4 5 |  5.8
Throwing       | 1 |  1.5
Maces & Flails | 2 |  2.4

Action                     |  1- 3 |  4- 6 |  7- 9 | 10-12 || total
---------------------------+-------+-------+-------+-------++-------
  Melee: Unarmed           |    67 |    87 |   299 |   100 ||   553
         Constrict         |    14 |    20 |    74 |    34 ||   142
         Tentacles         |    11 |    20 |    64 |    46 ||   141
         Punch             |     2 |     4 |    19 |    20 ||    45
         Mace              |       |       |       |    84 ||    84
  Throw: Boomerang         |       |       |     6 |       ||     6
         Dart              |       |       |     3 |    13 ||    16
  Evoke: Wand              |       |       |       |    11 ||    11
    Use: Scroll            |     4 |     4 |     8 |     6 ||    22
         Potion            |     1 |     1 |    12 |     3 ||    17
   Stab: Sleeping          |     2 |    17 |    23 |    10 ||    52
         Distracted        |       |     1 |       |     3 ||     4
 Armour: Skin              |    20 |    37 |    95 |    95 ||   247
  Dodge: Dodged            |    29 |    38 |   119 |   144 ||   330
  Block: Other             |       |     8 |    35 |    39 ||    82
         Reflection        |       |       |     1 |       ||     1
         Buckler           |       |       |       |     3 ||     3

Table legend: (Time is in decaauts)
 A = Elapsed time spent in this place.
 B = Non-inter-level travel time spent in this place.
 C = Inter-level travel time spent in this place.
 D = Time resting spent in this place.
 E = Time spent auto-exploring this place.
 F = Levels seen in this place.
 G = Mean time per level.
                   A        B        C        D        E       F      G
               +--------+--------+--------+--------+--------+-----+--------+
         Total |   8964 |   8964 |      0 |    263 |   4105 |  13 |  689.5 |
       Dungeon |   8354 |   8354 |      0 |    231 |   4005 |  10 |  835.4 |
        Temple |     44 |     44 |      0 |      0 |      0 |   1 |   44.0 |
         Sewer |    379 |    379 |      0 |     32 |     60 |   1 |  379.0 |
       Ossuary |    185 |    185 |      0 |      0 |     40 |   1 |  185.0 |
               +--------+--------+--------+--------+--------+-----+--------+

Top non-repeatable levels by time:
     D:4: 1381 daAuts
     D:2: 1214 daAuts
     D:9: 1011 daAuts
     D:8: 944 daAuts
     D:1: 811 daAuts
     D:3: 752 daAuts
     D:5: 602 daAuts
     D:7: 585 daAuts
    D:10: 560 daAuts
     D:6: 490 daAuts
   Sewer: 379 daAuts
 Ossuary: 185 daAuts
  Temple: 44 daAuts
